 Dungeon Crawl Stone Soup version 0.26-a0-712-ga5a9c9c9d0 (webtiles) character file.

Game seed: 16375885292780111770

0 Gargoyl the Skirmisher (level 1, -1/23 HPs)
             Began as a Gnoll Abyssal Knight on Nov 1, 2020.
             Was a Follower of Lugonu.
             Slain by a large abomination (21 damage)
             ... on level 2 of the Abyss.
             The game lasted 00:00:26 (80 turns).

Gargoyl the Skirmisher (Gnoll Abyssal Knight)         Turns: 80, Time: 00:00:26

Health: -1/23      AC:  3    Str: 14    XL:     1   Next: 0%
Magic:  3/3        EV:  9    Int: 14    God:    Lugonu [*.....]
Gold:   29         SH:  0    Dex: 14    Spells: 0/0 levels left

rFire    . . .     SeeInvis .   a - +1 hand axe
rCold    . . .     Faith    .   (no shield)
rNeg     . . .     Spirit   .   b - +0 leather armour
rPois    .         Reflect  .   (no helmet)
rElec    .         Harm     .   (no cloak)
rCorr    .         Rampage  .   (no gloves)
MR       .....                  (no boots)
Stlth    +.........             (no amulet)
HPRegen  0.07/turn              (no ring)
MPRegen  0.08/turn              (no ring)

@: constricted
A: distributed training, fangs 1, strong nose
a: Depart the Abyss, Renounce Religion


You were on level 2 of the Abyss.
You worshipped Lugonu.
Lugonu was aware of your devotion.
You visited 0 branches of the dungeon, and saw 0 of its levels.
You visited the Abyss 1 time.

You collected 29 gold pieces.

Inventory:

Hand Weapons
 a - a +1 hand axe (weapon)
Armour
 b - a +0 leather armour (worn)
Wands
 d - a wand of disintegration (5)


   Skills:
 + Level 6.4 Fighting
 + Level 0.0 Short Blades
 + Level 0.0 Long Blades
 + Level 4.4 Axes
 + Level 0.0 Maces & Flails
 + Level 0.0 Polearms
 + Level 0.0 Staves
 + Level 0.0 Slings
 + Level 0.0 Bows
 + Level 0.0 Crossbows
 + Level 0.0 Throwing
 + Level 4.4 Armour
 + Level 2.3 Dodging
 + Level 0.0 Stealth
 + Level 0.0 Shields
 + Level 0.0 Unarmed Combat
 + Level 0.0 Spellcasting
 + Level 0.0 Conjurations
 + Level 0.0 Hexes
 + Level 0.0 Summonings
 + Level 0.0 Necromancy
 + Level 0.0 Translocations
 + Level 0.0 Transmutations
 + Level 0.0 Fire Magic
 + Level 0.0 Ice Magic
 + Level 0.0 Air Magic
 + Level 0.0 Earth Magic
 + Level 0.0 Poison Magic
 + Level 4.4 Invocations
 + Level 0.0 Evocations


You couldn't memorise any spells.
You didn't know any spells.
Your spell library was empty.

Dungeon Overview and Level Annotations

Branches:
Dungeon (0/15)

Altars:


Innate Abilities, Weirdness & Mutations

Your experience applies equally to all skills.
You have very sharp teeth.
Your uncanny sense of smell can sniff out nearby items.


Message History

You hit the large abomination but do no damage.
The large abomination misses you.
Aiming: Disintegrate
Press: ? - help, Shift-Dir - straight line, f/p - large abomination
Aim: a large abomination (chance to defeat MR: 7%)
The large abomination resists with almost no effort.
A smoke demon comes into view.
Aiming: Disintegrate
Press: ? - help, Shift-Dir - straight line, f/p - large abomination
Aim: a large abomination (chance to defeat MR: 7%)
The large abomination resists with almost no effort.
The large abomination misses you.
A tentacle flies out from the starspawn's body!
A starspawn tentacle comes into view.
A starspawn tentacle comes into view.
The starspawn tentacle grabs you. The starspawn tentacle constricts you.
The starspawn tentacle's grasp on you weakens, but your attempt to escape fails.
The large abomination hits you!!
Ouch! That really hurt!
You die...

###. #... #....
.#..# ## #. . #.#..#
.###.#. .#
..#.##..#......##w..
#......@######! #
.###.##Xw#.#. . .
#..3X#.#.X# # .#
##..#w.#.....# .
......##...##.## ..#
. .###.#. #.#.#.#
... ..## .#...##
#...###. ##.###.# ##
#...... . ### ##


You could see a tentacled starspawn, a large abomination, a smoke demon and 2
starspawn tentacles.

Vanquished Creatures (others)
  4 starspawn tentacles (Abyss:2)
4 creatures vanquished.

Notes
Turn   | Place    | Note
-------+----------+-------------------------------------------
     0 | Abyss:1  | Gargoyl the Gnoll Abyssal Knight began the quest for the
                  | Orb.
     0 | Abyss:1  | Reached XP level 1. HP: 23/23 MP: 3/3
    62 | Abyss:2  | Noticed a tentacled starspawn
    64 | Abyss:2  | Noticed a large abomination
    75 | Abyss:2  | Noticed a smoke demon
    80 | Abyss:2  | Slain by a large abomination

Illustrated notes

Levels and vault maps discovered:
Abyss:2:  base: Temple, minivault_5, lemuel_flamethrower_3

Action                   || total
-------------------------++-------
Melee: Hand axe          ||     1
Evoke: Wand              ||     6
  Use: Scroll            ||     1
Dodge: Dodged            ||     2

Table legend: (Time is in decaauts)
 A = Elapsed time spent in this place.
 B = Non-inter-level travel time spent in this place.
 C = Inter-level travel time spent in this place.
 D = Time resting spent in this place.
 E = Time spent auto-exploring this place.
 F = Levels seen in this place.
 G = Mean time per level.
                   A        B        C        D        E       F      G
               +--------+--------+--------+--------+--------+-----+--------+
         Total |     79 |     79 |      0 |      0 |     54 |   2 |   39.5 |
         Abyss |     79 |     79 |      0 |      0 |     54 |   2 |   39.5 |
               +--------+--------+--------+--------+--------+-----+--------+

Top non-repeatable levels by time:
 Abyss:2: 73 daAuts
 Abyss:1: 6 daAuts
